cohdb
Replays
Latest Replays
All Replays
Popular Replays
Top Player Replays
Match Explorer
How It Works
Community
CoH3 Stats
Reddit
Sign in to upload your games and track your stats! →
Sign in with Steam
Match 43961692
Unlisted
Match 43961692
Overview
Messages
Build Orders
End
Construct Section Command Post
Royal Engineer Section
Selects Canadian Shock Battlegroup
Dingo Light Scout Car
Infantry Section
Selects Attacking Spirit
Selects Canadian Shock Section
Canadian Shock Section
Construct Platoon Command Post
6-pounder Anti-tank Gun Team
Humber Armored Car
Construct Field Infirmary
Infantry Training
Selects Incendiary Munitions
Selects Pyrotechnics
Canadian Shock Section
6-pounder Anti-tank Gun Team
Construct Company Command Post
Selects Demolition Engineering
Crusader II Medium Tank
Selects Smoke Operation
Crusader II Medium Tank
Matilda II Heavy Tank
Demolition Engineering
Crusader II Medium Tank
Crusader II Medium Tank
Smoke Operation
Crusader II Medium Tank
Foot Guards Section
Crusader II Medium Tank
Crusader II Medium Tank
Smoke Operation
Unlock M3 Grant Medium Tanks
Freydal
Willaguy
0
0
Comments
sign in to comment!
No comments posted yet!